Map: Lightshade LE

Players

SKILLOUS

  • Race: Protoss Protoss
  • League: Grandmaster
  • Spawn Location: 11:00

Lambo - Winner!

  • Race: Zerg Zerg
  • League: Grandmaster
  • Spawn Location: 5:00

VOD

https://www.youtube.com/watch?v=GDlcvZGFEKo&t=0s

Description

ZvP Early Game
Lambo Vs Skillious

Time

  • Played on: Feb. 6, 2021, 7:09 a.m.
  • Length: 8:12
Show
View Real Time Build Order
Export as new Build Order

SKILLOUS Protoss 

Build Orders: 1 Gate Expand, Oracle Opening, Zealot Archon 

Get SALT Encoding   

  12  0:00  Probe  
  13  0:14  Pylon  
  13  0:18  Probe (Chrono Boost)  
  14  0:27  Probe (Chrono Boost)  
  15  0:32  Probe (Chrono Boost)  
  16  0:40  Gateway  
  16  0:45  Probe  
  17  0:50  Assimilator  
  17  0:57  Probe  
  18  1:09  Probe  
  19  1:21  Probe  
  20  1:28  Nexus  
  20  1:38  Cybernetics Core  
  20  1:42  Probe  
  21  1:52  Assimilator  
  21  1:54  Probe  
  21  1:57  Pylon  
  22  2:06  Probe  
  23  2:13  Adept (Chrono Boost)  
  23  2:18  Probe  
  23  2:21  Stargate  
  26  2:29  Warp Gate  
  26  2:30  Probe (Chrono Boost)  
  26  2:36  Adept  
  29  2:42  Probe x2 (Chrono Boost)  
  31  2:50  Probe x2 (Chrono Boost)  
  33  2:55  Probe (Chrono Boost)  
  33  2:56  Void Ray (Chrono Boost)  
  33  2:57  Probe  
  39  3:07  Probe  
  39  3:09  Probe  
  41  3:14  Pylon  
  41  3:19  Probe  
  42  3:21  Probe  
  42  3:24  Gateway  
  43  3:31  Probe  
  43  3:32  Oracle  
  43  3:33  Probe  
  48  3:43  Probe  
  48  3:48  Probe  
  50  3:52  Pylon  
  50  3:55  Probe  
  51  3:58  Nexus  
  51  4:00  Probe  
  52  4:05  Assimilator  
  52  4:07  Assimilator, Probe  
  53  4:14  Shield Battery, Probe  
  53  4:16  Stargate  
  54  4:19  Probe  
  54  4:21  Void Ray (Chrono Boost)  
  55  4:26  Probe  
  60  4:31  Probe  
  60  4:32  Pylon  
  60  4:38  Probe  
  62  4:43  Pylon  
  62  4:50  Probe x2, Void Ray (Chrono Boost)  
  64  4:55  Void Ray (Chrono Boost)  
  64  4:57  Pylon  
  68  5:02  Probe x2  
  74  5:07  Assimilator  
  74  5:12  Assimilator  
  74  5:14  Probe x2 (Chrono Boost)  
  74  5:18  Probe (Chrono Boost)  
  74  5:20  Void Ray  
  77  5:25  Pylon  
  77  5:26  Probe x2 (Chrono Boost)  
  77  5:28  Forge  
  84  5:30  Twilight Council, Probe (Chrono Boost)  
  84  5:34  Probe x2 (Chrono Boost), Void Ray  
  84  5:35  Probe (Chrono Boost)  
  86  5:40  Probe  
  86  5:41  Probe  
  93  5:44  Probe  
  94  5:53  Probe, Protoss Ground Weapons Level 1 (Chrono Boost)  
  94  5:54  Probe  
  94  5:56  Probe  
  94  5:57  Charge  
  97  5:58  Gateway  
  97  5:59  Gateway  
  97  6:00  Void Ray  
  97  6:10  Pylon  
  101  6:17  Templar Archives  
  101  6:22  Probe  
  101  6:23  Probe  
  103  6:28  Gateway  
  103  6:36  Gateway  
  103  6:37  Gateway  
  103  6:43  Gateway  
  103  6:44  Gateway, Robotics Facility  
  103  6:45  Gateway  
  103  6:46  Gateway  
  103  6:53  Gateway  
  103  6:56  Gateway  
  103  6:59  High Templar x3  
  103  7:00  High Templar  
  111  7:03  Shield Battery  
  111  7:05  Archon x2  
  111  7:17  Gateway, Pylon  
  111  7:19  Gateway  
  111  7:20  Pylon  
  111  7:22  Pylon  
  109  7:24  Pylon  
  109  7:25  Pylon  
  101  7:32  Zealot x4  
  110  7:43  Zealot x4  
  104  7:51  Zealot x2  
  104  7:54  Zealot x2  
  104  7:55  Zealot x2  
  107  8:03  Zealot x4  
Show
View Real Time Build Order
Export as new Build Order

Lambo Zerg - Winner!

Build Orders: Hatch First 

Get SALT Encoding   

  12  0:00  Drone  
  13  0:12  Overlord  
  13  0:17  Drone  
  14  0:30  Drone x2  
  16  0:46  Drone  
  17  0:51  Hatchery  
  17  0:54  Drone  
  17  0:57  Drone  
  18  1:08  Extractor  
  17  1:12  Spawning Pool  
  17  1:15  Drone  
  17  1:18  Drone  
  18  1:29  Drone  
  19  1:40  Drone  
  20  1:50  Overlord  
  20  1:59  Queen  
  22  2:02  Queen  
  22  2:03  Drone  
  22  2:04  Zergling x2  
  26  2:12  Zergling x2  
  26  2:13  Drone  
  26  2:14  Metabolic Boost  
  28  2:21  Drone  
  29  2:24  Drone  
  30  2:32  Drone  
  30  2:35  Drone  
  32  2:42  Hatchery  
  31  2:46  Drone  
  31  2:49  Overlord  
  32  2:55  Queen  
  34  2:58  Drone  
  34  3:00  Drone  
  36  3:10  Drone  
  36  3:11  Overlord  
  36  3:12  Queen  
  39  3:13  Drone x2  
  39  3:16  Drone  
  39  3:18  Drone  
  39  3:19  Drone  
  44  3:26  Overlord  
  44  3:30  Drone  
  44  3:32  Queen  
  46  3:34  Drone  
  46  3:37  Overlord  
  46  3:40  Drone x2  
  49  3:52  Drone x2  
  49  3:53  Drone  
  52  3:55  Drone x2  
  52  3:56  Drone  
  52  4:02  Queen  
  57  4:05  Spore Crawler  
  57  4:06  Zergling x4  
  57  4:07  Drone x3  
  61  4:10  Drone  
  62  4:18  Overlord  
  62  4:19  Lair  
  62  4:20  Drone x3  
  62  4:21  Overlord  
  62  4:24  Overlord  
  65  4:26  Overlord  
  65  4:31  Overlord  
  65  4:34  Roach Warren  
  64  4:39  Drone  
  64  4:40  Drone  
  64  4:42  Drone x5  
  71  4:46  Drone x2  
  71  4:50  Extractor, Drone x2  
  71  4:51  Extractor  
  71  4:52  Overlord  
  73  4:53  Drone x2  
  73  4:54  Drone  
  73  4:57  Zergling x2  
  77  5:02  Zergling x2  
  77  5:06  Drone  
  79  5:08  Drone  
  79  5:12  Extractor x2  
  77  5:16  Drone x3  
  77  5:17  Evolution Chamber, Drone x2  
  77  5:18  Drone x2  
  77  5:19  Glial Reconstitution  
  77  5:20  Extractor  
  82  5:21  Hydralisk Den  
  82  5:28  Drone x3  
  83  5:30  Queen x3  
  83  5:31  Overlord  
  90  5:37  Overlord  
  90  5:38  Drone x3  
  92  5:43  Zerg Missile Weapons Level 1  
  92  5:44  Overlord  
  92  5:48  Roach x3  
  92  5:49  Roach x2  
  102  5:50  Overlord  
  102  5:57  Grooved Spines  
  102  6:02  Hydralisk x3  
  108  6:06  Overlord  
  108  6:08  Hydralisk  
  108  6:09  Hydralisk  
  112  6:17  Spore Crawler  
  112  6:18  Spore Crawler, Overlord  
  110  6:19  Overlord  
  110  6:21  Roach x6  
  110  6:24  Overlord  
  122  6:26  Overlord  
  122  6:30  Overlord  
  122  6:32  Queen  
  124  6:33  Queen  
  124  6:38  Roach x3  
  131  6:42  Roach x2  
  131  6:45  Roach x2  
  131  6:46  Roach  
  141  6:48  Ravager x2  
  141  6:49  Roach  
  141  6:51  Roach x2  
  149  6:55  Roach x2  
  149  6:56  Zergling x4  
  149  7:00  Overlord  
  149  7:01  Zergling x4  
  157  7:03  Ravager  
  157  7:04  Roach  
  157  7:06  Zergling x2  
  161  7:09  Roach  
  161  7:10  Ravager  
  161  7:12  Zergling x8  
  161  7:14  Queen  
  170  7:19  Roach x3  
  176  7:29  Roach  
  178  7:35  Roach x4  
  186  7:41  Roach x5  
  189  7:46  Roach x3  
Tags
 
Add a new tag
Caveats
  • Supply blocks, unpowered buildings, or Contaminate may cause inaccurate times.
  • Supply counts are checked every 10 seconds.